 Dungeon Crawl Stone Soup version 0.21-a0-538-gd16b88a (webtiles) character file.

3955 tidbits the Magician (level 10, 3/111 HPs)
             Began as a Gnoll Earth Elementalist on Dec 16, 2017.
             Was a Follower of Cheibriados.
             Quit the game on level 10 of the Dungeon.
             The game lasted 00:25:23 (2414 turns).

tidbits the Magician (Gnoll Earth Elementalist)     Turns: 2414, Time: 00:25:23

Health: 3/111      AC: 25    Str: 13      XL:     10   Next: 21%
Magic:  20/20      EV:  2    Int: 25      God:    Cheibriados [*.....]
Gold:   302        SH: 10    Dex: 21 (23) Spells: 9/23 levels left

rFire    + . .     SeeInvis .   a - +9 mace of War {venom, Int+5}
rCold    . . .     Gourm    .   P - +0 shield
rNeg     + + +     Faith    .   (armour currently unavailable)
rPois    +         Spirit   .   (helmet currently unavailable)
rElec    .         Reflect  .   (cloak currently unavailable)
rCorr    .         Harm     .   (gloves currently unavailable)
MR       .....     NoTele   +   (boots currently unavailable)
Stlth    +++++.....             (no amulet)
HPRegen  0.28/turn              f - ring of protection from fire
MPRegen  0.17/turn              (no ring)

@: agile, lethally poisoned (3 -> -2), tree-form, slowed, very slow
A: distributed training, dopey 1, wild magic 1, strong nose
a: Bend Time, Renounce Religion


You were on level 10 of the Dungeon.
You worshipped Cheibriados.
Cheibriados was aware of your devotion.
You were not hungry.
You were a tree.
You visited 2 branches of the dungeon, and saw 11 of its levels.

You collected 302 gold pieces.

Inventory:

Hand Weapons
 a - the +9 mace of War (weapon) {venom, Int+5}
   (You found it on level 5 of the Dungeon)

   It poisons the flesh of those it strikes.
   It affects your intelligence (+5).
 p - a +4 quarterstaff of chaos
   (You took it off Crazy Yiuf on level 5 of the Dungeon)
 q - a +0 hand crossbow
 r - a +0 hand axe
 s - a +2 rapier of freezing
   (You took it off Eustachio on level 4 of the Dungeon)
 u - a +0 dagger
 C - a +0 trident
 M - a +0 shortbow
 N - a +1 whip of electrocution
   (You found it on level 7 of the Dungeon)
Missiles
 l - 25 sling bullets
 E - 73 arrows
 J - 24 stones (quivered)
Armour
 c - a +0 robe
 h - a +0 ring mail
 j - a +0 robe of positive energy
   (You took it off a wight on level 7 of the Dungeon)
 n - a +0 helmet (melded)
 B - a +0 ring mail (melded)
 D - a +0 cloak (melded)
 P - a +0 shield (worn)
 Q - a +1 hat
Jewellery
 f - a ring of protection from fire (left branch)
   (You found it on level 2 of the Dungeon)
 m - an uncursed ring of protection from cold
   (You found it on level 1 of the Dungeon)
 I - an uncursed ring of teleportation
   (You found it on level 5 of the Dungeon)
Wands
 i - a wand of paralysis (5)
 A - a wand of iceblast (17)
Scrolls
 g - a scroll of remove curse
 o - 2 scrolls of immolation {unknown}
 w - a scroll of random uselessness
 y - a scroll of blinking
 z - a scroll of enchant armour {unknown}
 F - a scroll of enchant weapon {unknown}
 G - 2 scrolls of amnesia
 K - a scroll of identify
Potions
 x - a potion of agility
 H - 2 potions of brilliance
Books
 b - a book of Minor Magic
   (You found it on level 5 of the Dungeon)

   Spells                             Type                      Level
   a - Magic Dart                     Conjuration                  1
   b - Blink                          Translocation                2
   c - Call Imp                       Summoning                    2
   d - Slow                           Hexes                        2
   e - Conjure Flame                  Conjuration/Fire             3
   f - Mephitic Cloud                 Conjuration/Poison/Air       3
 e - a book of Geomancy

   Spells                             Type                      Level
   a - Sandblast                      Earth                        1
   b - Passwall                       Transmutation/Earth          2
   c - Stone Arrow                    Conjuration/Earth            3
   d - Petrify                        Transmutation/Earth          4
   e - Lee's Rapid Deconstruction     Earth                        5
Comestibles
 d - 2 bread rations
 k - 2 meat rations
 O - 2 royal jellies


   Skills:
 + Level 5.0 Fighting
 + Level 5.0 Short Blades
 + Level 5.0 Long Blades
 + Level 5.0 Axes
 + Level 5.0 Maces & Flails
 + Level 5.0 Polearms
 + Level 5.0 Staves
 + Level 5.0 Slings
 + Level 5.0 Bows
 + Level 5.0 Crossbows
 + Level 5.0 Throwing
 + Level 5.0 Armour
 + Level 6.8 Dodging
 + Level 6.6 Stealth
 + Level 5.0 Shields
 + Level 5.0 Unarmed Combat
 + Level 7.1 Spellcasting
 + Level 4.1 Conjurations
 + Level 4.1 Hexes
 + Level 4.1 Charms
 + Level 4.1 Summonings
 + Level 4.1 Necromancy
 + Level 4.1 Translocations
 + Level 4.7 Transmutations
 + Level 4.1 Fire Magic
 + Level 4.1 Ice Magic
 + Level 4.1 Air Magic
 + Level 6.9 Earth Magic
 + Level 4.1 Poison Magic
 + Level 5.4 Invocations
 + Level 5.0 Evocations


You had 9 spell levels left.
You knew the following spells:

 Your Spells              Type           Power        Failure   Level  Hunger
a - Sandblast             Erth           ######       2%          1    None
b - Blink                 Tloc           N/A          11%         2    None
c - Conjure Flame         Conj/Fire      #####...     19%         3    None
m - Mephitic Cloud        Conj/Pois/Air  #####...     19%         3    None
t - Stone Arrow           Conj/Erth      #####.       12%         3    None
w - Passwall              Tmut/Erth      #####.....   5%          2    None


Dungeon Overview and Level Annotations

Branches:
Dungeon (10/15)            Temple (1/1) D:7
   Lair: D:8-11         Orc: D:9-12

Altars:
Ashenzari
Cheibriados
Dithmenos
Elyvilon
Fedhas
Gozag
Hepliaklqana
Makhleb
Nemelex Xobeh
Okawaru
Qazlal
Ru
Sif Muna
Trog
Uskayaw
Vehumet
Wu Jian
Xom
Yredelemnul
Zin
The Shining One

Shops:
D:4 =


Innate Abilities, Weirdness & Mutations

Your experience applies equally to all skills.
((You have very sharp teeth.))
Your uncanny sense of smell can sniff out nearby items.
You are dopey. (Int -2)
Your spells are a little harder to cast, but a little more powerful.


Message History

The hornet buzzes angrily.
You sock the goblin zombie!
You destroy the goblin zombie!
Cheibriados thoroughly appreciates the change of pace.
You hear a shout!
The orc zombie closely misses you. You block the orc zombie's attack.
The orc skeleton barely misses you.
You sock the orc zombie!
You destroy the orc zombie!
Cheibriados appreciates the change of pace.
You feel sick. The orc zombie closely misses you.
You block the orc skeleton's attack.
You hit the hornet but do no damage.
The hornet is poisoned.
You bite the hornet, but do no damage. The hornet stings you!
* * * LOW HITPOINT WARNING * * *
You feel yourself slow down. You block the orc zombie's attack.
The hornet stings you.
* * * LOW HITPOINT WARNING * * *
You feel as though you will be slow longer.
The orc skeleton closely misses you.
You miss the hornet.
The hornet is lightly wounded.
The hornet stings you.
* * * LOW HITPOINT WARNING * * *
You are more poisoned.
You feel as though you will be slow longer.
The hornet misses you. The orc zombie closely misses you.
You block the orc skeleton's attack.
An ogre zombie comes into view.
Casting: Sandblast
Confirm with . or Enter, or press ? or * to list all spells.
Aiming: Sandblast
Press: ? - help, Shift-Dir - straight line, f - hornet
Aim: a hornet (moderately wounded, poisoned)
The blast of sand misses the hornet.
J - 24 stones You feel sick.
The hornet stings you!
* * * LOW HITPOINT WARNING * * *
You are lethally poisoned!
You feel as though you will be slow longer.
The hornet stings you.
* * * LOW HITPOINT WARNING * * *
You feel as though you will be slow longer.
You block the orc zombie's attack. The orc skeleton closely misses you.
You block the hornet's attack.
A crimson imp comes into view.
Evoke which item? (* to show all) (? for menu, Esc to quit)
Aiming: Paralyse
Press: ? - help, Shift-Dir - straight line, f/p - hornet
Aim: a hornet (moderately wounded, poisoned, chance to defeat MR: 51%)
The hornet resists with significant effort.
* * * LOW HITPOINT WARNING * * *
You feel sick. The hornet misses you. You block the orc zombie's attack.
The orc skeleton hits you but does no damage.
The hornet misses you. You block the orc zombie's attack.
Evoke which item? (* to show all) (? for menu, Esc to quit)
Aiming: Paralyse
Press: ? - help, Shift-Dir - straight line, f/p - hornet
Aim: a hornet (moderately wounded, poisoned, chance to defeat MR: 51%)
The hornet suddenly stops moving!
* * * LOW HITPOINT WARNING * * *
You feel sick.
The crimson imp blinks!
You block the orc skeleton's attack. The orc zombie closely misses you.
The orc skeleton hits you.
* * * LOW HITPOINT WARNING * * *
It was a potion of agility.
You feel agile all of a sudden.
* * * LOW HITPOINT WARNING * * *
You feel sick. You block the orc zombie's attack.
The orc skeleton closely misses you.
It was a potion of mutation.
You feel extremely strange.
You feel stupid.
You feel less in control of your magic.
* * * LOW HITPOINT WARNING * * *
You feel sick. You block the orc zombie's attack.
The orc skeleton completely misses you.
The crimson imp blinks!
An orc zombie comes into view.
It was a potion of magic.
Magic courses through your body.
* * * LOW HITPOINT WARNING * * *
You feel sick. You block the orc zombie's attack.
The orc skeleton completely misses you.
The crimson imp blinks!
The orc zombie moves out of view. 2 zombies come into view.
Unknown command.
It was a potion of lignification.
You turn into a tree.
Your +0 cloak melds into your body.
Your +0 helmet melds into your body.
Your +0 ring mail melds into your body.
Your roots penetrate the ground.
* * * LOW HITPOINT WARNING * * *
You feel sick.
The hornet looks more healthy.
You block the orc zombie's attack.
The orc zombie moves out of view.
The orc skeleton hits you but does no damage.
The orc zombie barely misses you.
Unknown command.
Unknown command.
Okay, then.
Okay, then.
Unknown command.
Are you sure you want to abandon this character and quit the game? (Confirm with "yes".)
Okay, then.
Unknown command.
Are you sure you want to abandon this character and quit the game? (Confirm with "yes".)

#. #.. #..
###..### ..
.......# 8..
.....####...#
#...y...Z..
#..♣ZZ.....
#...Z......
#..........
#........5/
#..........
#.......!..
#....?.....
........... ∆
..........


You could see a hornet (paralysed), a crimson imp, 2 orc zombies, an ogre zombie
and an orc skeleton.

Vanquished Creatures
  A hydra (D:9)
  Eustachio (D:4)
  A wyvern (D:4)
  A hungry ghost (D:7)
  Menkaure (D:5)
  2 water moccasins
  An orc warrior (D:7)
  A hornet zombie (D:8)
  An ice beast (D:8)
  A phantom (D:7)
  A sky beast (D:9)
  4 ogres
  A crocodile (D:9)
  A centaur (D:7)
  A big kobold (D:9)
  2 bullfrogs
  Blork the orc (D:5)
  11 wights
  3 howler monkeys
  A quasit (D:9)
  2 crimson imps (D:5)
  A bullfrog skeleton (D:4)
  2 jellies
  4 hounds
  An orc priest (D:6)
  3 orc wizards
  Crazy Yiuf (D:5)
  An iguana (D:7)
  A worker ant (D:8)
  2 ogre zombies (D:10)
  A howler monkey zombie (D:6)
  5 adders
  5 gnolls
  2 shadow imps
  2 adder skeletons (D:9)
  2 worms
  3 leopard geckos
  8 orcs
  4 giant cockroaches
  3 hobgoblins
  11 jackals
  6 kobolds
  2 quokkas
  A ball python (D:2)
  3 bats
  2 frilled lizards
  4 goblins
  A goblin zombie (D:10)
  A hobgoblin zombie (D:10)
  A leopard gecko skeleton (D:7)
  3 orc zombies (D:10)
  3 rats
128 creatures vanquished.

Notes
Turn   | Place    | Note
-------+----------+-------------------------------------------
     0 | D:1      | tidbits the Gnoll Earth Elementalist began the quest for the Orb.
     0 | D:1      | Reached XP level 1. HP: 13/13 MP: 6/6
    47 | D:2      | Reached skill level 2 in Transmutations
    47 | D:2      | Reached XP level 2. HP: 20/20 MP: 3/7
   302 | D:1      | Reached XP level 3. HP: 20/25 MP: 6/9
   332 | D:1      | Reached skill level 5 in Spellcasting
   392 | D:3      | Reached skill level 1 in Invocations
   439 | D:2      | Reached skill level 1 in Fighting
   439 | D:2      | Reached skill level 1 in Short Blades
   439 | D:2      | Reached skill level 1 in Long Blades
   439 | D:2      | Reached skill level 1 in Axes
   439 | D:2      | Reached skill level 1 in Maces & Flails
   439 | D:2      | Reached skill level 1 in Polearms
   439 | D:2      | Reached skill level 1 in Staves
   439 | D:2      | Reached skill level 1 in Slings
   439 | D:2      | Reached skill level 1 in Bows
   439 | D:2      | Reached skill level 1 in Crossbows
   439 | D:2      | Reached skill level 1 in Throwing
   439 | D:2      | Reached skill level 1 in Armour
   439 | D:2      | Reached skill level 1 in Shields
   439 | D:2      | Reached skill level 1 in Unarmed Combat
   439 | D:2      | Reached skill level 1 in Evocations
   469 | D:3      | Reached XP level 4. HP: 32/32 MP: 2/11
   540 | D:3      | Learned a level 2 spell: Passwall
   544 | D:3      | Learned a level 3 spell: Stone Arrow
   589 | D:4      | Found a basalt altar of Yredelemnul.
   607 | D:4      | Found Juha's Jewellery Shoppe.
   609 | D:4      | Noticed a wyvern
   620 | D:4      | Killed a wyvern
   620 | D:4      | Reached skill level 1 in Conjurations
   620 | D:4      | Reached skill level 1 in Hexes
   620 | D:4      | Reached skill level 1 in Charms
   620 | D:4      | Reached skill level 1 in Summonings
   620 | D:4      | Reached skill level 1 in Necromancy
   620 | D:4      | Reached skill level 1 in Translocations
   620 | D:4      | Reached skill level 1 in Fire Magic
   620 | D:4      | Reached skill level 1 in Ice Magic
   620 | D:4      | Reached skill level 1 in Air Magic
   620 | D:4      | Reached skill level 1 in Poison Magic
   620 | D:4      | Reached XP level 5. HP: 10/38 MP: 3/12
   620 | D:4      | Reached XP level 6. HP: 12/44 MP: 3/13
   622 | D:4      | Reached skill level 2 in Invocations
   690 | D:4      | Reached skill level 5 in Dodging
   696 | D:5      | Entered Level 5 of the Dungeon
   720 | D:5      | HP: 4/44 [ogre/giant spiked club (21)]
   721 | D:5      | Reached skill level 2 in Fighting
   721 | D:5      | Reached skill level 2 in Short Blades
   721 | D:5      | Reached skill level 2 in Long Blades
   721 | D:5      | Reached skill level 2 in Axes
   721 | D:5      | Reached skill level 2 in Maces & Flails
   721 | D:5      | Reached skill level 2 in Polearms
   721 | D:5      | Reached skill level 2 in Staves
   721 | D:5      | Reached skill level 2 in Slings
   721 | D:5      | Reached skill level 2 in Bows
   721 | D:5      | Reached skill level 2 in Crossbows
   721 | D:5      | Reached skill level 2 in Throwing
   721 | D:5      | Reached skill level 2 in Armour
   721 | D:5      | Reached skill level 2 in Shields
   721 | D:5      | Reached skill level 2 in Unarmed Combat
   721 | D:5      | Reached skill level 2 in Evocations
   722 | D:5      | Noticed Menkaure
   786 | D:4      | Noticed Eustachio
   823 | D:5      | Reached XP level 7. HP: 12/50 MP: 0/15
   842 | D:5      | Learned a level 3 spell: Conjure Flame
   842 | D:5      | Noticed Blork the orc
   942 | D:5      | Found a runed door.
   947 | D:5      | Noticed Crazy Yiuf
   951 | D:5      | Killed Crazy Yiuf
   955 | D:5      | Got a warped mace
   956 | D:5      | Identified the +9 mace of War {venom, Int+5} (You found it on level 5 of the Dungeon)
   975 | D:5      | Learned a level 2 spell: Blink
   979 | D:5      | Learned a level 3 spell: Mephitic Cloud
  1114 | D:5      | Killed Blork the orc
  1114 | D:5      | Reached skill level 2 in Conjurations
  1114 | D:5      | Reached skill level 2 in Hexes
  1114 | D:5      | Reached skill level 2 in Charms
  1114 | D:5      | Reached skill level 2 in Summonings
  1114 | D:5      | Reached skill level 2 in Necromancy
  1114 | D:5      | Reached skill level 2 in Translocations
  1114 | D:5      | Reached skill level 2 in Fire Magic
  1114 | D:5      | Reached skill level 2 in Ice Magic
  1114 | D:5      | Reached skill level 2 in Air Magic
  1114 | D:5      | Reached skill level 2 in Poison Magic
  1152 | D:5      | Reached skill level 3 in Transmutations
  1174 | D:5      | Killed Menkaure
  1174 | D:5      | Reached skill level 5 in Stealth
  1174 | D:5      | Reached skill level 3 in Invocations
  1224 | D:4      | Killed Eustachio
  1224 | D:4      | Reached skill level 6 in Earth Magic
  1224 | D:4      | Reached XP level 8. HP: 56/57 MP: 3/16
  1320 | D:6      | Reached skill level 3 in Fighting
  1320 | D:6      | Reached skill level 3 in Short Blades
  1320 | D:6      | Reached skill level 3 in Long Blades
  1320 | D:6      | Reached skill level 3 in Axes
  1320 | D:6      | Reached skill level 3 in Maces & Flails
  1320 | D:6      | Reached skill level 3 in Polearms
  1320 | D:6      | Reached skill level 3 in Staves
  1320 | D:6      | Reached skill level 3 in Slings
  1320 | D:6      | Reached skill level 3 in Bows
  1320 | D:6      | Reached skill level 3 in Crossbows
  1320 | D:6      | Reached skill level 3 in Throwing
  1320 | D:6      | Reached skill level 3 in Armour
  1320 | D:6      | Reached skill level 3 in Shields
  1320 | D:6      | Reached skill level 3 in Unarmed Combat
  1320 | D:6      | Reached skill level 3 in Evocations
  1403 | D:6      | Reached skill level 6 in Spellcasting
  1661 | D:7      | Reached skill level 3 in Conjurations
  1661 | D:7      | Reached skill level 3 in Hexes
  1661 | D:7      | Reached skill level 3 in Charms
  1661 | D:7      | Reached skill level 3 in Summonings
  1661 | D:7      | Reached skill level 3 in Necromancy
  1661 | D:7      | Reached skill level 3 in Translocations
  1661 | D:7      | Reached skill level 3 in Fire Magic
  1661 | D:7      | Reached skill level 3 in Ice Magic
  1661 | D:7      | Reached skill level 3 in Air Magic
  1661 | D:7      | Reached skill level 3 in Poison Magic
  1661 | D:7      | Reached skill level 4 in Invocations
  1664 | D:7      | Reached XP level 9. HP: 30/65 MP: 12/18
  1695 | D:7      | Reached skill level 6 in Dodging
  1822 | D:7      | Reached skill level 4 in Fighting
  1822 | D:7      | Reached skill level 4 in Short Blades
  1822 | D:7      | Reached skill level 4 in Long Blades
  1822 | D:7      | Reached skill level 4 in Axes
  1822 | D:7      | Reached skill level 4 in Maces & Flails
  1822 | D:7      | Reached skill level 4 in Polearms
  1822 | D:7      | Reached skill level 4 in Staves
  1822 | D:7      | Reached skill level 4 in Slings
  1822 | D:7      | Reached skill level 4 in Bows
  1822 | D:7      | Reached skill level 4 in Crossbows
  1822 | D:7      | Reached skill level 4 in Throwing
  1822 | D:7      | Reached skill level 4 in Armour
  1822 | D:7      | Reached skill level 4 in Shields
  1822 | D:7      | Reached skill level 4 in Unarmed Combat
  1822 | D:7      | Reached skill level 4 in Transmutations
  1822 | D:7      | Reached skill level 4 in Evocations
  1909 | D:7      | Reached skill level 6 in Stealth
  1998 | D:7      | Found a staircase to the Ecumenical Temple.
  2006 | Temple   | Entered the Ecumenical Temple
  2042 | Temple   | Became a worshipper of Cheibriados the Contemplative
  2161 | D:9      | Noticed a two-headed ogre
  2286 | D:9      | Reached skill level 5 in Invocations
  2345 | D:9      | Noticed an eight-headed hydra
  2353 | D:9      | Killed an eight-headed hydra
  2353 | D:9      | Reached skill level 7 in Spellcasting
  2353 | D:9      | Reached skill level 4 in Conjurations
  2353 | D:9      | Reached skill level 4 in Hexes
  2353 | D:9      | Reached skill level 4 in Charms
  2353 | D:9      | Reached skill level 4 in Summonings
  2353 | D:9      | Reached skill level 4 in Necromancy
  2353 | D:9      | Reached skill level 4 in Translocations
  2353 | D:9      | Reached skill level 4 in Fire Magic
  2353 | D:9      | Reached skill level 4 in Ice Magic
  2353 | D:9      | Reached skill level 4 in Air Magic
  2353 | D:9      | Reached skill level 4 in Poison Magic
  2353 | D:9      | Reached XP level 10. HP: 73/73 MP: 17/20
  2372 | D:10     | Entered Level 10 of the Dungeon
  2384 | D:10     | Reached * piety under Cheibriados
  2399 | D:10     | Reached skill level 5 in Fighting
  2399 | D:10     | Reached skill level 5 in Short Blades
  2399 | D:10     | Reached skill level 5 in Long Blades
  2399 | D:10     | Reached skill level 5 in Axes
  2399 | D:10     | Reached skill level 5 in Maces & Flails
  2399 | D:10     | Reached skill level 5 in Polearms
  2399 | D:10     | Reached skill level 5 in Staves
  2399 | D:10     | Reached skill level 5 in Slings
  2399 | D:10     | Reached skill level 5 in Bows
  2399 | D:10     | Reached skill level 5 in Crossbows
  2399 | D:10     | Reached skill level 5 in Throwing
  2399 | D:10     | Reached skill level 5 in Armour
  2399 | D:10     | Reached skill level 5 in Shields
  2399 | D:10     | Reached skill level 5 in Unarmed Combat
  2399 | D:10     | Reached skill level 5 in Evocations
  2409 | D:10     | HP: 7/74 [poisoned by a hornet]
  2411 | D:10     | Gained mutation: You are dopey. (Int -2) [potion of mutation]
  2411 | D:10     | Gained mutation: Your spells are a little harder to cast, but a little more powerful. [potion of mutation]
  2412 | D:10     | HP: 3/74 [poisoned by a hornet]
  2414 | D:10     | Quit the game

Vault maps used:
D:1:      minmay_arrival_up_and_down
D:2:      minmay_misc_feat_diagonals
D:3:      bh_walls_and_bars
D:4:      serial_shops, shop_fountains, yredelemnul_altar_generic,
          uniq_eustachio
D:5:      first_bread, uniq_blork_the_orc, uniq_menkaure,
          uniq_crazy_yiuf_cottage
D:7:      minmay_temple_entry_glassed_door
D:8:      kiku_gazebo_pond_becter
D:9:      lair_entry_dummy, the_bakery
D:10:     zombieorc2_lemuel
Temple:   nicolae_temple_the_god_donut

Skill      XL: |  1  2  3  4  5  6  7  8  9 10 |
---------------+-------------------------------+-----
Transmutations | 2 3 4 |  4.7
Spellcasting   | 5 6 7 |  7.1
Invocations    | 1 2 3 4 5 |  5.4
Fighting       | 1 2 3 4 5 |  5.0
Short Blades   | 1 2 3 4 5 |  5.0
Long Blades    | 1 2 3 4 5 |  5.0
Axes           | 1 2 3 4 5 |  5.0
Maces & Flails | 1 2 3 4 5 |  5.0
Polearms       | 1 2 3 4 5 |  5.0
Staves         | 1 2 3 4 5 |  5.0
Slings         | 1 2 3 4 5 |  5.0
Bows           | 1 2 3 4 5 |  5.0
Crossbows      | 1 2 3 4 5 |  5.0
Throwing       | 1 2 3 4 5 |  5.0
Armour         | 1 2 3 4 5 |  5.0
Shields        | 1 2 3 4 5 |  5.0
Unarmed Combat | 1 2 3 4 5 |  5.0
Evocations     | 1 2 3 4 5 |  5.0
Conjurations   | 1 2 3 4 |  4.1
Hexes          | 1 2 3 4 |  4.1
Charms         | 1 2 3 4 |  4.1
Summonings     | 1 2 3 4 |  4.1
Necromancy     | 1 2 3 4 |  4.1
Translocations | 1 2 3 4 |  4.1
Fire Magic     | 1 2 3 4 |  4.1
Ice Magic      | 1 2 3 4 |  4.1
Air Magic      | 1 2 3 4 |  4.1
Poison Magic   | 1 2 3 4 |  4.1
Dodging        | 5 6 |  6.8
Stealth        | 5 6 |  6.6
Earth Magic    | 6 |  6.9

Action                   |  1- 3 |  4- 6 |  7- 9 | 10-12 || total
-------------------------+-------+-------+-------+-------++-------
Melee: Unarmed           |     8 |       |       |       ||     8
       Bite              |     1 |       |    13 |     6 ||    20
       Dagger            |       |     3 |     2 |       ||     5
       Mace              |       |       |   115 |    40 ||   155
       Trident           |       |       |    10 |       ||    10
 Cast: Sandblast         |    43 |    23 |    78 |     2 ||   146
       Stone Arrow       |       |     3 |    11 |       ||    14
       Passwall          |       |     2 |     7 |       ||     9
       Conjure Flame     |       |       |     3 |       ||     3
Evoke: Wand              |       |       |     4 |     2 ||     6
  Use: Scroll            |       |     1 |    13 |       ||    14
       Potion            |       |       |     4 |     4 ||     8
 Stab: Sleeping          |       |     2 |     2 |       ||     4
       Paralysed         |       |       |     1 |       ||     1
  Eat: Chunk             |       |       |     6 |       ||     6
Armor: Robe              |     4 |     1 |       |       ||     5
       Ring mail         |       |       |    45 |    20 ||    65
       Skin              |       |       |       |     1 ||     1
Dodge: Dodged            |    32 |     7 |   145 |    67 ||   251
Block: Shield            |       |       |     6 |    54 ||    60

Table legend:
 A = Spawn XP
 B = Non-spawn XP
 C = Spawn XP percentage of total XP
 D = Spawn monster count
 E = Non-spawn monster count
 F = Spawn count percentage of total count
 G = Total turns spent on level
                    A         B        C        D         E        F      G
               +---------+---------+-------+---------+---------+-------+---------
         Total |       0 |    5651 |   0.0 |       0 |     128 |   0.0 |  2414
               +---------+---------+-------+---------+---------+-------+---------
           D:1 |       0 |      17 |   0.0 |       0 |       9 |   0.0 |   267
           D:2 |       0 |      41 |   0.0 |       0 |      11 |   0.0 |   142
           D:3 |       0 |      30 |   0.0 |       0 |       9 |   0.0 |   146
           D:4 |       0 |     564 |   0.0 |       0 |       7 |   0.0 |   193
           D:5 |       0 |     638 |   0.0 |       0 |      16 |   0.0 |   549
           D:6 |       0 |     364 |   0.0 |       0 |      14 |   0.0 |   211
           D:7 |       0 |    1816 |   0.0 |       0 |      35 |   0.0 |   572
           D:8 |       0 |     438 |   0.0 |       0 |       4 |   0.0 |    93
           D:9 |       0 |    1396 |   0.0 |       0 |      13 |   0.0 |   149
          D:10 |       0 |     347 |   0.0 |       0 |      10 |   0.0 |    42
               +---------+---------+-------+---------+---------+-------+---------

Table legend:
 A = Turns spent in this place as a percentage of turns spent in the entire game.
 B = Non-inter-level travel turns spent in this place as a percentage of non-inter-level travel turns spent in the entire game.
 C = Inter-level travel turns spent in this place as a percentage of turns spent in this place.
 D = Turns resting spent in this place as a percentage of non-inter-level travel turns spent in this place.
 E = Turns spent auto-exploring this place as a percentage of non-inter-level travel turns spent in this place.
 F = Non-inter-level travel turns spent in this place divided by the number of levels of this place that you've seen.
                   A       B       C       D       E      F
               +-------+-------+-------+-------+-------+----------------------
         Total | 100.0 | 100.0 |   0.5 |   0.0 |   0.0 | 218.4
       Dungeon |  97.9 |  98.4 |   0.0 |   0.0 |   0.0 | 236.4
        Temple |   2.1 |   1.6 |  24.0 |   0.0 |   0.0 |  38.0
               +-------+-------+-------+-------+-------+----------------------

Table legend:
 A = Kills in this place as a percentage of kills in entire the game.
 B = Kills by you in this place as a percentage of kills by you in the entire game.
 C = Kills by friends in this place as a percentage of kills by friends in the entire game.
 D = Other kills in this place as a percentage of other kills in the entire game.
 E = Experience gained in this place as a percentage of experience gained in the entire game.
 F = Experience gained in this place divided by the number of levels of this place that you have seen.
                   A       B       C       D       E      F
               +-------+-------+-------+-------+-------+----------------------
         Total | 100.0 | 100.0 |   N/A |   N/A | 100.0 | 513.7
       Dungeon | 100.0 | 100.0 |   N/A |   N/A | 100.0 | 565.1
               +-------+-------+-------+-------+-------+----------------------

Vault maps used:
D:1:      minmay_arrival_up_and_down
D:2:      minmay_misc_feat_diagonals
D:3:      bh_walls_and_bars
D:4:      serial_shops, shop_fountains, yredelemnul_altar_generic,
          uniq_eustachio
D:5:      first_bread, uniq_blork_the_orc, uniq_menkaure,
          uniq_crazy_yiuf_cottage
D:7:      minmay_temple_entry_glassed_door
D:8:      kiku_gazebo_pond_becter
D:9:      lair_entry_dummy, the_bakery
D:10:     zombieorc2_lemuel
Temple:   nicolae_temple_the_god_donut
